 Dungeon Crawl Stone Soup version 0.28-a0-653-g7e9dba17c3 (webtiles) character file.

Game seed: 36302059955831841

46 KoroneIsBestGirl the Shield-Bearer (level 3, -2/20 HPs)
             Began as a Vine Stalker Fighter on Oct 11, 2021.
             Slain by a gnoll (9 damage)
             ... on level 2 of the Dungeon.
             The game lasted 00:01:39 (2102 turns).

KoroneIsBestGirl the Shield-Bearer (VSFi)           Turns: 2102, Time: 00:01:40

Health: -2/20      AC:  6    Str: 19    XL:     3   Next: 68%
Magic:  0/4        EV:  9    Int:  8    God:
Gold:   52         SH:  4    Dex: 13    Spells: 2/2 levels left

rFire   . . .      SeeInvis .   n - +0 short sword (vamp)
rCold   . . .      Faith    .   c - +0 buckler
rNeg    . . .      Spirit   +   b - +0 scale mail
rPois   .          Reflect  .   (no helmet)
rElec   .          Harm     .   (no cloak)
rCorr   .          Rampage  .   (no gloves)
Will    .....                   (no boots)
Stlth   ..........              (no amulet)
HPRegen 0.06/turn               (no ring)
MPRegen 0.09/turn               (no ring)

@: no status effects
A: fangs 2, magic shield, antimagic bite, no potion heal 2
a: no special abilities


You were on level 2 of the Dungeon.
You visited 1 branch of the dungeon, and saw 3 of its levels.

You collected 52 gold pieces.

Inventory:

Hand Weapons
 a - a +0 long sword
 n - a +0 vampiric short sword (weapon)
Missiles
 k - a throwing net (quivered)
Armour
 b - a +0 scale mail (worn)
 c - a +0 buckler (worn)
Scrolls
 e - a scroll of blinking {unknown}
 g - 2 scrolls of noise {unknown}
 j - a scroll of magic mapping {unknown}
 l - a scroll of enchant armour {unknown}
 m - a scroll of teleportation {unknown}
 o - a scroll of holy word {unknown}
Potions
 d - a potion of might
 f - a potion of lignification {unknown}
 h - a potion of curing {unknown}
 i - a potion of degeneration {unknown}


   Skills:
 + Level 3.1 Fighting
 + Level 2.2 Long Blades
 + Level 2.7 Armour
 + Level 3.2 Shields


You had 2 spell levels left.
You didn't know any spells.
Your spell library contained the following spells:

 Spells                   Type           Power      Damage    Failure   Level
 Animate Skeleton         Necr           0%         N/A       82%         1
 Magic Dart               Conj           0%         1d3       82%         1
 Pain                     Necr           0%         1d4       82%         1
 Summon Small Mammal      Summ           0%         N/A       82%         1
 Call Imp                 Summ           0%         N/A       91%         2
 Call Canine Familiar     Summ           0%         N/A       99%         3
 Mephitic Cloud           Conj/Pois/Air  0%         N/A       99%         3
 Summon Guardian Golem    Hex/Summ       0%         N/A       99%         3
 Vampiric Draining        Necr           0%         2d6       99%         3


Dungeon Overview and Level Annotations

Branches:
Dungeon (3/15)

Altars:
Okawaru


Innate Abilities, Weirdness & Mutations

You have extremely sharp teeth.
When hurt, damage is shared between your health and your magic reserves.
Your bite disrupts and absorbs the magic of your enemies.
Potions cannot restore your health.


Message History

You climb upwards.
There is a stone staircase leading down here.
You hit the hobgoblin. You bite the hobgoblin. You drain its power.
You feel invigorated.
The hobgoblin is almost dead.
The hobgoblin hits you but does no damage.
You hit the hobgoblin but do no damage. Your bite misses the hobgoblin.
The hobgoblin is almost dead.
The hobgoblin hits you.
* * * LOW HITPOINT WARNING * * *
You hit the hobgoblin.
You feel better.
You kill the hobgoblin!
You start resting.
Magic restored.
You start resting.
You start resting.
You start resting.
HP restored.
You start waiting.
Done waiting.
You climb downwards.
The gnoll hits you with a +0 flail! The dart slug launches a dart at you.
The slug dart hits you.
The gnoll hits you from afar with a +0 halberd.
* * * LOW HITPOINT WARNING * * *
There is a stone staircase leading up, spattered with blood here.
The gnoll hits you from afar with a +0 halberd.
* * * LOW HITPOINT WARNING * * *
The dart slug launches a dart at you.
The slug dart hits you but does no damage.
The gnoll closely misses you.
You climb upwards.
There is a stone staircase leading down here.
You hit the gnoll.
You feel better.
The gnoll is lightly wounded.
The gnoll barely misses you. x2
You hit the gnoll.
The gnoll is moderately wounded.
You block the gnoll's attack. The gnoll hits you with a +0 flail!
You die...

...............##.'#...#..###.#
...............####.....#####.#
..###.........................#
####...........(.....⌠.......##
## #.#........#..............#
.###.##....|.######.....####.#
..##.######### ##..#..÷#'.##.#
#....# #gg.#...#...###
##...###### #@.##...##.<#
#..#......# #####.....####
..........# #.........#..#
..##..)...# ###............#
#####.....###(....†........#
.....######............._..##
.....# ###..................#
.....# #.....##.............#
.....###.#..###.........###.#


You could see 2 gnolls.

Vanquished Creatures
  An adder (D:2)
  An orc (D:2)
  5 ball pythons
  An endoplasm (D:3)
  3 giant cockroaches
  2 goblins (D:2)
  7 hobgoblins
  A quokka (D:1)
  5 bats
  6 kobolds
  3 rats
35 creatures vanquished.

Notes
Turn   | Place    | Note
-------+----------+-------------------------------------------
     0 | D:1      | KoroneIsBestGirl the Vine Stalker Fighter began the quest
                  | for the Orb.
     0 | D:1      | Reached XP level 1. HP: 11/11 MP: 2/2
   608 | D:1      | Reached XP level 2. HP: 12/16 MP: 3/3
  1314 | D:2      | Found a faded altar of an unknown god.
  1344 | D:2      | Found an iron altar of Okawaru.
  1354 | D:2      | Reached XP level 3. HP: 20/20 MP: 4/4
  2102 | D:2      | Slain by a gnoll

Illustrated notes

Levels and vault maps discovered:
D:1:      minmay_arrival_floating_metal, layout_loops_ring
D:2:      layout_rooms, ebering_ecumenical_altar_hall, basic_altar,
          grunt_ministairs_6, columned_hall_lemuel, item_on_display_a
D:3:      layout_rooms, serial_shops, shop

Skill      XL: |  1  2 |
---------------+-------+-----
Shields        | 3 |  3.2
Fighting       | 3 |  3.1
Long Blades    | 2 |  2.2
Armour         | |  2.7

Action                   || total
-------------------------++-------
Melee: Long sword        ||    52
       Bite              ||    23
       Short sword       ||    51
Armor: Scale mail        ||    69
Dodge: Dodged            ||    62
Block: Buckler           ||    35

Table legend: (Time is in decaauts)
 A = Elapsed time spent in this place.
 B = Non-inter-level travel time spent in this place.
 C = Inter-level travel time spent in this place.
 D = Time resting spent in this place.
 E = Time spent auto-exploring this place.
 F = Levels seen in this place.
 G = Mean time per level.
                   A        B        C        D        E       F      G
               +--------+--------+--------+--------+--------+-----+--------+
         Total |   2141 |   2107 |     34 |    359 |   1480 |   3 |  713.7 |
       Dungeon |   2141 |   2107 |     34 |    359 |   1480 |   3 |  713.7 |
               +--------+--------+--------+--------+--------+-----+--------+

Top non-repeatable levels by time:
     D:1: 1183 daAuts
     D:2: 892 daAuts
     D:3: 65 daAuts
